ORI
UNIVERSITY OF VIRGINIA CAVALIERS @ UNIVERSITY OF FLORIDA GATORS
10/08/2045
 
TOP OF THE 1ST
University of Virginia Cavaliers batting - Pitching for University of Florida Gators : LHP Cao-Ky Trieu
Pitching: LHP Cao-Ky Trieu
Batting: RHB Diego Herrera 0-0: Ball
1-0: Ball
2-0: Fly out, F8 (Flyball, 8RD, EV 92.5 MPH)
Batting: RHB Rob Price 0-0: DOUBLE (Flyball, 89D, EV 90.0 MPH)
Batting: RHB Eric McClelland 0-0: Foul Ball, location: 2F
0-1: Foul Ball, location: 2F
0-2: Strikes out swinging
Batting: RHB Mario Morales 0-0: Ball
1-0: Called Strike
1-1: Called Strike
1-2: Strikes out swinging
Top of the 1st over - 0 runs, 1 hit, 0 errors, 1 left on base; University of Virginia 0 - University of Florida 0
BOTTOM OF THE 1ST
University of Florida Gators batting - Pitching for University of Virginia Cavaliers : LHP Jim Unknown
Pitching: LHP Jim Unknown
Batting: RHB Kazumi Inouye 0-0: Ball
1-0: Called Strike
1-1: Swinging Strike
1-2: Foul Ball, location: 2F
1-2: SINGLE (Line Drive, 4M, EV 98.1 MPH)
Batting: LHB Ivan Alvarez 0-0: Swinging Strike
0-1: Ball
1-1: Ball
2-1: Fly out, F9 (Flyball, 9LD, EV 100.0 MPH)
Batting: RHB Martin Dudley 0-0: Swinging Strike
0-1: Ball
1-1: DOUBLE (Line Drive, 9LM, EV 100.6 MPH)
Kazumi Inouye to third
Batting: RHB Troy Bush 0-0: Ball
1-0: Called Strike
1-1: Ball
2-1: DOUBLE (Groundball, 5L, EV 102.5 MPH)
Kazumi Inouye scores
Martin Dudley scores
Batting: RHB Mike Webb 0-0: Fly out, F8 (Flyball, 8RM, EV 83.1 MPH)
Batting: RHB Marco Morales 0-0: Called Strike
0-1: Ball
1-1: Ground out 4-3 (Groundball, 4, EV 86.9 MPH)
Bottom of the 1st over - 2 runs, 3 hits, 0 errors, 1 left on base; University of Virginia 0 - University of Florida 2
TOP OF THE 2ND
University of Virginia Cavaliers batting - Pitching for University of Florida Gators : LHP Cao-Ky Trieu
Batting: RHB Alexis Graciani 0-0: Called Strike
0-1: Ball
1-1: Ground out 4-3 (Groundball, 34, EV 83.1 MPH)
Batting: RHB Jorge Gonzales 0-0: Foul Ball, location: 2F
0-1: Ball
1-1: Ball
2-1: Foul Ball, location: 2F
2-2: Strikes out looking
Batting: RHB Jesus Diego 0-0: Ball
1-0: Ball
2-0: Called Strike
2-1: Foul Ball, location: 2F
2-2: Ball
3-2: Foul Ball, location: 2F
3-2: SINGLE (Line Drive, 89M, EV 88.1 MPH)
Batting: RHB Jim Unknown 0-0: Called Strike
0-1: Ball
1-1: Ball
2-1: Called Strike
2-2: Fielders Choice at 2nd, U4 (Groundball, 4M, EV 86.9 MPH)
Top of the 2nd over - 0 runs, 1 hit, 0 errors, 1 left on base; University of Virginia 0 - University of Florida 2
BOTTOM OF THE 2ND
University of Florida Gators batting - Pitching for University of Virginia Cavaliers : LHP Jim Unknown
Batting: LHB Kuan Hsia 0-0: Ball
1-0: Swinging Strike
1-1: Foul Ball, location: 2F
1-2: Strikes out looking
Batting: RHB Mike Stein 0-0: Ball
1-0: Ball
2-0: Ball
3-0: Base on Balls
Batting: RHB Jim Unknown 0-0: Called Strike
0-1: Ball
1-1: Ball
2-1: Ball
3-1: Foul Ball, location: 2F
3-2: Fly out, F8 (Flyball, 8RM, EV 88.1 MPH)
Batting: RHB Kazumi Inouye 0-0: Foul Ball, location: 2F
0-1: Swinging Strike
0-2: Fly out, F8 (Line Drive, 8LD, EV 95.6 MPH)
Bottom of the 2nd over - 0 runs, 0 hits, 0 errors, 1 left on base; University of Virginia 0 - University of Florida 2
TOP OF THE 3RD
University of Virginia Cavaliers batting - Pitching for University of Florida Gators : LHP Cao-Ky Trieu
Batting: SHB Jim Unknown 0-0: Called Strike
0-1: Ball
1-1: Fly out, F6 (Popup, 6S, EV 81.2 MPH)
Batting: RHB Diego Herrera 0-0: Called Strike
0-1: Ball
1-1: Ground out 6-3 (Groundball, 6, EV 83.1 MPH)
Batting: RHB Rob Price 0-0: Called Strike
0-1: Swinging Strike
0-2: Ball
1-2: Foul Ball, location: 2F
1-2: Strikes out swinging
Top of the 3rd over - 0 runs, 0 hits, 0 errors, 0 left on base; University of Virginia 0 - University of Florida 2
BOTTOM OF THE 3RD
University of Florida Gators batting - Pitching for University of Virginia Cavaliers : LHP Jim Unknown
Batting: LHB Ivan Alvarez 0-0: Ball
1-0: Called Strike
1-1: Ball
2-1: Ball
3-1: Base on Balls
Batting: RHB Martin Dudley 0-0: Foul Ball, location: 2F
0-1: Ball
1-1: Fielders Choice at 2nd, 6-4 (Groundball, 6, EV 108.8 MPH)
Batting: RHB Troy Bush 0-0: Ball
1-0: Ball
2-0: SINGLE (Line Drive, 6MD, EV 101.9 MPH)
Martin Dudley to second
Batting: RHB Mike Webb 0-0: Called Strike
0-1: Ball
1-1: Foul Ball, location: 2F
1-2: Strikes out looking
Batting: RHB Marco Morales 0-0: Ball
1-0: Called Strike
1-1: Fly out, F8 (Flyball, 8LD, EV 86.2 MPH)
Bottom of the 3rd over - 0 runs, 1 hit, 0 errors, 2 left on base; University of Virginia 0 - University of Florida 2
TOP OF THE 4TH
University of Virginia Cavaliers batting - Pitching for University of Florida Gators : LHP Cao-Ky Trieu
Batting: RHB Eric McClelland 0-0: Called Strike
0-1: Ball
1-1: Ground out 5-3 (Groundball, 5, EV 84.4 MPH)
Batting: RHB Mario Morales 0-0: Called Strike
0-1: Swinging Strike
0-2: Ball
1-2: Ball
2-2: SINGLE (Flyball, 8RS, EV 95.0 MPH)
Batting: RHB Alexis Graciani 0-0: Foul Ball, location: 2F
0-1: Foul Ball, location: 2F
0-2: Ball
1-2: Strikes out swinging
Batting: RHB Jorge Gonzales 0-0: Ball
1-0: Fly out, F4 (Popup, 34, EV 76.2 MPH)
Top of the 4th over - 0 runs, 1 hit, 0 errors, 1 left on base; University of Virginia 0 - University of Florida 2
BOTTOM OF THE 4TH
University of Florida Gators batting - Pitching for University of Virginia Cavaliers : LHP Jim Unknown
Batting: LHB Kuan Hsia 0-0: Ball
1-0: Ball
2-0: Foul Ball, location: 2F
2-1: Foul Ball, location: 2F
2-2: Fly out, F3 (Popup, 3F, EV 81.2 MPH)
Batting: RHB Mike Stein 0-0: Called Strike
0-1: Ball
1-1: Swinging Strike
1-2: Foul Ball, location: 2F
1-2: Foul Ball, location: 2F
1-2: Ground out 5-3 (Groundball, 56S, EV 65.6 MPH)
Batting: RHB Jim Unknown 0-0: Foul Ball, location: 2F
0-1: Ball
1-1: Ball
2-1: Swinging Strike
2-2: Ball
3-2: Base on Balls
Batting: RHB Kazumi Inouye 0-0: Called Strike
0-1: Ball
1-1: Foul Ball, location: 2F
1-2: Foul Ball, location: 2F
1-2: Ground out 4-3 (Groundball, 4, EV 100.6 MPH)
Bottom of the 4th over - 0 runs, 0 hits, 0 errors, 1 left on base; University of Virginia 0 - University of Florida 2
TOP OF THE 5TH
University of Virginia Cavaliers batting - Pitching for University of Florida Gators : LHP Cao-Ky Trieu
Batting: RHB Jesus Diego 0-0: Called Strike
0-1: Foul Ball, location: 2F
0-2: Foul Ball, location: 2F
0-2: Ball
1-2: Foul Ball, location: 2F
1-2: Ball
2-2: Foul Ball, location: 2F
2-2: Ground out U3 (Groundball, 34S, EV 78.8 MPH)
Batting: RHB Jim Unknown 0-0: Called Strike
0-1: Called Strike
0-2: Ground out U3 (Groundball, 3L, EV 101.9 MPH)
Batting: SHB Jim Unknown 0-0: Called Strike
0-1: Ball
1-1: Ball
2-1: Foul Ball, location: 2F
2-2: Strikes out swinging
Top of the 5th over - 0 runs, 0 hits, 0 errors, 0 left on base; University of Virginia 0 - University of Florida 2
BOTTOM OF THE 5TH
University of Florida Gators batting - Pitching for University of Virginia Cavaliers : LHP Jim Unknown
Batting: LHB Ivan Alvarez 0-0: SINGLE (Groundball, 15S, EV 65.0 MPH) (infield hit)
Batting: RHB Martin Dudley 0-0: Called Strike
0-1: Swinging Strike
0-2: Ball
1-2: Strikes out looking
Batting: RHB Troy Bush 0-0: Called Strike
0-1: Ball
1-1: Swinging Strike
1-2: Ball
2-2: Ball
3-2: SINGLE (Groundball, 6D, EV 96.9 MPH)
Ivan Alvarez to second
Batting: RHB Mike Webb 0-0: 3-RUN HOME RUN (Flyball, 7LD, EV 95.0 MPH), Distance : 355 ft
Pitching: LHP Jim Unknown
Batting: RHB Marco Morales 0-0: Ball
1-0: Called Strike
1-1: Ground out 6-3 (Groundball, 6MS, EV 90.6 MPH)
Batting: LHB Kuan Hsia 0-0: Called Strike
0-1: Ball
1-1: Ball
2-1: Ball
3-1: Foul Ball, location: 2F
3-2: Strikes out swinging
Bottom of the 5th over - 3 runs, 3 hits, 0 errors, 0 left on base; University of Virginia 0 - University of Florida 5
TOP OF THE 6TH
University of Virginia Cavaliers batting - Pitching for University of Florida Gators : LHP Cao-Ky Trieu
Batting: RHB Diego Herrera 0-0: Called Strike
0-1: Ball
1-1: Called Strike
1-2: Ground out 5-3 (Groundball, 56S, EV 90.0 MPH)
Batting: RHB Rob Price 0-0: Called Strike
0-1: Called Strike
0-2: SINGLE (Line Drive, 78S, EV 96.2 MPH)
Batting: RHB Eric McClelland 0-0: Ball
1-0: Foul Ball, location: 2F
1-1: Ball
2-1: DOUBLE (Line Drive, 78D, EV 105.0 MPH)
Rob Price to third
Batting: RHB Mario Morales 0-0: Fly out, F9 (Flyball, 89S, EV 90.6 MPH)
Batting: RHB Alexis Graciani 0-0: Ball
1-0: Ball
2-0: Ball
3-0: Base on Balls
Batting: RHB Jorge Gonzales 0-0: Ball
1-0: Ball
2-0: Called Strike
2-1: Foul Ball, location: 2F
2-2: Ball
3-2: Strikes out swinging
Top of the 6th over - 0 runs, 2 hits, 0 errors, 3 left on base; University of Virginia 0 - University of Florida 5
BOTTOM OF THE 6TH
University of Florida Gators batting - Pitching for University of Virginia Cavaliers : LHP Jim Unknown
Batting: RHB Mike Stein 0-0: Foul Ball, location: 2F
0-1: Ball
1-1: Ball
2-1: Ball
3-1: Base on Balls
Batting: RHB Jim Unknown 0-0: Fielders Choice at 2nd, 3-6 (Groundball, 3, EV 86.9 MPH)
Batting: RHB Kazumi Inouye 0-0: Ball
1-0: Fielders Choice at 2nd, 6-4 (Groundball, 6, EV 86.9 MPH)
Batting: LHB Ivan Alvarez 0-0: Called Strike
0-1: Ball
1-1: Ball
2-1: Fly out, F8 (Line Drive, 8RD, EV 105.6 MPH)
Bottom of the 6th over - 0 runs, 0 hits, 0 errors, 1 left on base; University of Virginia 0 - University of Florida 5
TOP OF THE 7TH
University of Virginia Cavaliers batting - Pitching for University of Florida Gators : LHP Cao-Ky Trieu
Batting: RHB Jesus Diego 0-0: Ball
1-0: Ball
2-0: Ball
3-0: Called Strike
3-1: Fly out, F6 (Line Drive, 6, EV 68.8 MPH)
Pitching: RHP Mario Ayala
Batting: RHB Jim Unknown 0-0: Ground out 1-3 (Groundball, 34S, EV 70.0 MPH)
Batting: SHB Jim Unknown 0-0: Called Strike
0-1: Ground out 6-3 (Groundball, 6M, EV 88.8 MPH)
Top of the 7th over - 0 runs, 0 hits, 0 errors, 0 left on base; University of Virginia 0 - University of Florida 5
BOTTOM OF THE 7TH
University of Florida Gators batting - Pitching for University of Virginia Cavaliers : LHP Jim Unknown
Batting: RHB Martin Dudley 0-0: Foul Ball, location: 2F
0-1: Called Strike
0-2: Strikes out looking
Batting: RHB Troy Bush 0-0: Ball
1-0: Foul Ball, location: 2F
1-1: Ball
2-1: SOLO HOME RUN (Flyball, 89XD, EV 92.5 MPH) (Inside the Park)
Batting: RHB Mike Webb 0-0: Ball
1-0: Ball
2-0: Called Strike
2-1: Ball
3-1: Base on Balls
Batting: RHB Marco Morales 0-0: Ball
1-0: Called Strike
1-1: SINGLE (Line Drive, 3D, EV 107.5 MPH)
Mike Webb to second
Batting: LHB Kuan Hsia 0-0: Ball
1-0: SINGLE (Groundball, 6M, EV 103.1 MPH)
Mike Webb to third
Marco Morales to second
Batting: RHB Mike Stein 0-0: Ball
1-0: Ball
2-0: Ball
3-0: Called Strike
3-1: Foul Ball, location: 2F
3-2: Foul Ball, location: 2F
3-2: Foul Ball, location: 2F
3-2: Base on Balls
Mike Webb scores
Marco Morales to third
Kuan Hsia to second
Batting: RHB Jim Unknown 0-0: Foul Ball, location: 2F
0-1: Ball
1-1: Ball
2-1: Foul Ball, location: 2F
2-2: Strikes out swinging
Batting: RHB Kazumi Inouye 0-0: Called Strike
0-1: SINGLE (Groundball, 6S, EV 63.1 MPH) (infield hit)
Marco Morales scores
Kuan Hsia to third
Mike Stein to second
Batting: LHB Ivan Alvarez 0-0: Ball
1-0: Called Strike
1-1: Ball
2-1: Called Strike
2-2: Ground out U3 (Groundball, 3, EV 85.6 MPH)
Bottom of the 7th over - 3 runs, 4 hits, 0 errors, 3 left on base; University of Virginia 0 - University of Florida 8
TOP OF THE 8TH
University of Virginia Cavaliers batting - Pitching for University of Florida Gators : RHP Mario Ayala
Batting: RHB Diego Herrera 0-0: Ball
1-0: DOUBLE (Line Drive, 9LM, EV 93.1 MPH)
Batting: RHB Rob Price 0-0: Ball
1-0: Ball
2-0: Called Strike
2-1: Foul Ball, location: 2F
2-2: Ball
3-2: Ground out 5-3 (Groundball, 56, EV 82.5 MPH)
Batting: RHB Eric McClelland 0-0: Ball
1-0: Called Strike
1-1: Foul Ball, location: 2F
1-2: Ball
2-2: Ball
3-2: Strikes out swinging
Batting: RHB Mario Morales 0-0: Ground out 6-3 (Groundball, 6, EV 103.1 MPH)
Top of the 8th over - 0 runs, 1 hit, 0 errors, 1 left on base; University of Virginia 0 - University of Florida 8
BOTTOM OF THE 8TH
University of Florida Gators batting - Pitching for University of Virginia Cavaliers : LHP Jim Unknown
Batting: RHB Martin Dudley 0-0: Ball
1-0: Swinging Strike
1-1: Ball
2-1: Swinging Strike
2-2: Strikes out swinging
Pitching: RHP Jim Unknown
Batting: RHB Troy Bush 0-0: Fly out, F8 (Flyball, 8RS, EV 83.1 MPH)
Batting: RHB Mike Webb 0-0: Ball
1-0: Ball
2-0: SOLO HOME RUN (Flyball, 7LD, EV 91.9 MPH), Distance : 358 ft
Batting: RHB Marco Morales 0-0: Ball
1-0: Ball
2-0: Ball
3-0: Foul Ball, location: 2F
3-1: Called Strike
3-2: Ground out 3-1 (Groundball, 34, EV 99.4 MPH)
Bottom of the 8th over - 1 run, 1 hit, 0 errors, 0 left on base; University of Virginia 0 - University of Florida 9
TOP OF THE 9TH
University of Virginia Cavaliers batting - Pitching for University of Florida Gators : RHP Mario Ayala
Pinch Hitting: RHB Carlos Castillo 0-0: Fly out, F8 (Flyball, 8RS, EV 77.5 MPH)
Batting: RHB Jorge Gonzales 0-0: Called Strike
0-1: Ball
1-1: Ball
2-1: Ball
3-1: Foul Ball, location: 2F
3-2: Ground out 5-3 (Groundball, 5, EV 85.0 MPH)
Batting: RHB Jesus Diego 0-0: Ball
1-0: Called Strike
1-1: Swinging Strike
1-2: Strikes out swinging
Top of the 9th over - 0 runs, 0 hits, 0 errors, 0 left on base; University of Virginia 0 - University of Florida 9
Wednesday, June 22nd , 2022 - OOTP Baseball 23.4 Build 64